 Dungeon Crawl Stone Soup version 0.29-a0-9-g022ca4c890 (webtiles) character file.

Game seed: 3093920576249466856

52980 a3don the Nimble (level 15, -1/113 HPs)
             Began as a Djinni Hedge Wizard on Jan 27, 2022.
             Constricted to death by a shambling mangrove (19 damage)
             ... on level 1 of the Swamp on Jan 28, 2022.
             The game lasted 01:34:47 (22506 turns).

a3don the Nimble (Djinni Hedge Wizard)             Turns: 22506, Time: 01:34:48

Health: -1/113     AC: 17    Str:  9    XL:     15   Next: 8%
Gold:   1181       EV: 15    Int: 23    God:
                   SH:  8    Dex: 16

rFire   + + +      SeeInvis .   b - staff of fire
rCold   x x .      Faith    .   L - +2 buckler
rNeg    . . .      Spirit   .   U - +4 troll leather armour
rPois   ∞          Reflect  .   H - +2 hat
rElec   .          Harm     .   (no cloak)
rCorr   .          Rampage  .   V - +2 pair of gloves {Dex+3}
Will    +....                   (boots unavailable)
Stlth   ++++......              c - amulet of regeneration
HPRegen 1.88/turn               S - ring of fire
MPRegen 0.00/turn               Q - +4 ring of protection

@: about to teleport, grasped by roots, flying, hasted and slowed, constricted
A: sickness immunity, fire resistance 2, cold vulnerability 1, float, innate
caster, hp casting, extra vitality 1
a: no special abilities


You were on level 1 of the Swamp.
You visited 3 branches of the dungeon, and saw 18 of its levels.
You also visited: Volcano.

You collected 1181 gold pieces.

Inventory:

Hand Weapons
 q - a +2 antimagic spear
 s - a +0 falchion of holy wrath
 w - a +6 lajatang of electrocution
 J - the +3 falchion of Evisceration {vorpal, Str+5}
   (You found it on level 8 of the Dungeon)

   It inflicts extra damage upon your enemies.
   Str:       It affects your strength (+5).
 K - a +1 dagger of draining
Missiles
 O - 8 atropa-tipped darts
 P - 2 poisoned darts (quivered)
Armour
 t - a +2 leather armour of cold resistance
 H - a +2 hat (worn)
 L - a +2 buckler (worn)
 U - a +4 troll leather armour (worn)
 V - a +2 pair of gloves of dexterity (worn)
 Y - the +2 pair of gloves of Qazlal's Esteem {*Slow rF++}
   (You found it on level 4 of the Lair of Beasts)

   rF:        It greatly protects you from fire.
   *Slow:     It may slow you when you take damage.
Magical Staves
 b - a staff of fire (weapon)
Jewellery
 a - a ring of ice
 c - an amulet of regeneration (around neck)
 M - a ring of resist corrosion
 Q - a +4 ring of protection (right hand)
 R - a ring of wizardry
 S - a ring of fire (left hand)
Wands
 e - a wand of flame (15)
 l - a wand of polymorph (11)
 C - a wand of paralysis (17)
Scrolls
 f - 6 scrolls of enchant weapon
 h - a scroll of summoning {unknown}
 j - 7 scrolls of teleportation
 m - 2 scrolls of holy word
 p - a scroll of acquirement {unknown}
 u - 4 scrolls of fog
 y - a scroll of torment {unknown}
 z - 3 scrolls of fear
 D - 2 scrolls of amnesia {unknown}
 F - 2 scrolls of blinking {unknown}
 G - 2 scrolls of magic mapping
 I - a scroll of vulnerability {unknown}
 N - 3 scrolls of immolation
 W - a scroll of brand weapon
Potions
 d - 2 potions of brilliance {unknown}
 g - a potion of cancellation {unknown}
 i - 5 potions of curing
 k - 6 potions of mutation
 n - 3 potions of lignification
 o - 2 potions of magic {unknown}
 r - a potion of ambrosia {unknown}
 v - 3 potions of attraction
 x - a potion of berserk rage {unknown}
 A - 6 potions of might
 B - 2 potions of haste
 E - a potion of resistance {unknown}
 T - 2 potions of invisibility {unknown}
 X - a potion of heal wounds {unknown}
Miscellaneous
 Z - a phantom mirror


   Skills:
 + Level 12.6 Fighting
 + Level 13.9 Dodging
 + Level 10.2 Stealth
 - Level 7.4 Shields
 + Level 10.2 Spellcasting


You couldn't memorise any spells.
You knew the following spells:

 Your Spells              Type           Power      Damage    Failure   Level
a - Magic Dart            Conj           100%       1d8       1%          1
b - Foxfire               Conj/Fire      100%       2x1d9     1%          1
c - Scorch                Fire           100%       2d10      1%          2
d - Slow                  Hex            100%       N/A       1%          1
e - Conjure Flame         Conj/Fire      93%        6-21      1%          3
f - Mephitic Cloud        Conj/Pois/Air  56%        N/A       1%          3
g - Blink                 Tloc           100%       N/A       1%          2
h - Call Imp              Summ           56%        N/A       1%          2
i - Portal Projectile     Hex/Tloc       100%       N/A       1%          3
j - Ignite Poison         Fire/Tmut/Pois 93%        N/A       1%          3
k - Manifold Assault      Tloc           56%        N/A       3%          5
l - Iskenderun's Battles  Conj           56%        2d11      3%          5
m - Iron Shot             Conj/Erth      28%        9d6       22%         6
Your spell library was empty.

Dungeon Overview and Level Annotations

Branches:
Dungeon (11/15)            Temple (0/1) D:6            Lair (6/6) D:10
  Swamp (1/4) Lair:3        Snake (0/4) Lair:4        Slime (0/5) Lair:6
Volcano (visited)
    Orc: D:9-12

Altars:
Hepliaklqana

Shops:
D:7 :

Annotations:
Lair:5 elephants on exit, exclusion: oklob plant


Innate Abilities, Weirdness & Mutations

You are immune to sickness and miasma.
You are immune to poison.
Your flesh is very heat resistant. (rF++)
You are vulnerable to cold. (rC-)
You float through the air rather than walking.
You learn spells naturally, not from books.
Your magical power is your life essence.
You have superior vitality. (+4 MHP)


Message History

* * * LOW HITPOINT WARNING * * *
A spriggan rider comes into view. It is wielding a +0 spear.
The swamp worm fires a harpoon shot at you.
The harpoon shot misses you.
The spriggan druid calls out to the beasts of the wild!
The swamp worm fires a harpoon shot at you.
You block the harpoon shot.
Okay, then.
Casting: Blink (safe; 1% risk of failure)
Confirm with . or Enter, or press ? or * to list all spells.
You blink.
The thorn hunter gestures.
Something touches your battlesphere! Something freezes your battlesphere.
Your battlesphere resists.
A swamp worm comes into view.
As you read the scroll of teleportation, it crumbles to dust.
You feel strangely unstable.
A spriggan comes into view. It is wielding a +0 rapier.
The alligator bites you!
* * * LOW HITPOINT WARNING * * *
You block the alligator's attack. You block the spriggan rider's attack.
Casting: Blink (safe; 1% risk of failure)
Confirm with . or Enter, or press ? or * to list all spells.
You blink.
* * * LOW HITPOINT WARNING * * *
A spriggan rider comes into view. It is wielding a +0 spear.
The bog body points at you and mumbles some strange words.
You easily resist.
You feel yourself speed up.
A swamp worm comes into view.
The swamp worm fires a harpoon shot at you.
The harpoon shot hits your battlesphere!!
Your battlesphere is destroyed!
Roots burst forth from the earth!
The grasping roots grab you! The grasping roots constrict you!
* * * LOW HITPOINT WARNING * * *
The spriggan rider hits you but does no damage.
You block the goliath frog's attack. The grasping roots constrict you!!
You die...

≈♣♣♣♣♣♣♣♣♣ ♣♣♣♣♣♣
≈w......≈♣♣♣..=.♣♣♣♣
≈≈≈..≈≈≈i.♣.≈≈≈≈...♣
.§≈.≈≈≈≈...≈§≈≈≈≈≈..
≈≈≈......f.≈≈≈≈≈≈≈≈.
.(...≈.w.iFt@≈≈≈≈≈≈.
.i.≈§≈≈.≈w≈≈≈≈≈≈≈≈..
...≈≈≈≈.≈≈i≈≈≈[.......≈≈≈
.≈≈≈≈≈≈.≈≈n≈≈f.≈≈...≈≈...
...≈≈≈≈.≈≈≈i...≈≈≈!≈≈≈≈≈≈
..♣.>...≈≈≈...?....≈≈≈≈≈≈
♣.≈♣....≈w≈.......≈≈≈≈≈≈≈
.. .≈..≈§≈≈.♣≈)....≈.....
. ≈i♣.....≈♣♣♣!≈.≈...≈.≈.


You could see a thorn hunter, a shambling mangrove, an alligator (swift), 3
spriggan riders, a spriggan druid, a goliath frog, a bog body and 3 swamp worms.

Vanquished Creatures
  A dire elephant (Lair:6)
  Snorg (D:10)
  A fire dragon (Volcano)
  Erolcha (D:10)
  A boulder beetle (Lair:3)
  10 hydras
  A catoblepas (Lair:6)
  A deep troll shaman (Lair:6)
  9 death yaks
  5 sun demons (Volcano)
  A lindwurm (Lair:5)
  A wizard (D:10)
  4 black mambas
  7 elephants
  A torpor snail (Lair:3)
  A kobold demonologist (D:10)
  9 cane toads
  2 rime drakes
  4 komodo dragons
  A troll (D:10)
  A tyrant leech (Swamp:1)
  4 polar bears
  2 hornets
  32 blink frogs
  11 dream sheep
  2 shadows
  3 spriggans
  Eustachio (D:4)
  5 wyverns
  35 yaks
  Sigmund (D:3)
  4 steam dragons
  3 basilisks
  2 vampire mosquitoes (Swamp:1)
  Menkaure (D:5)
  A swamp worm (Swamp:1)
  2 nagas (Lair:4)
  A hell hound (Volcano)
  12 water moccasins
  2 orc warriors
  3 black bears
  A sky beast (D:5)
  2 necrophages
  4 centaurs
  2 ogres (D:6)
  11 wolves
  2 phantoms
  20 bullfrogs
  A kobold brigand (D:7)
  A scorpion (D:10)
  A wyvern skeleton (D:7)
  3 killer bees (D:9)
  2 electric eels (Lair:5)
  4 howler monkeys
  7 centaur zombies
  4 jellies
  A bullfrog skeleton (D:6)
  4 hounds
  3 orc priests
  A centaur skeleton (D:4)
  2 iguanas
  4 orc wizards
  2 killer bee zombies (D:8)
  2 hound skeletons (D:4)
  A howler monkey zombie (D:7)
  7 adders
  A shadow imp (D:7)
  3 white imps
  An adder skeleton (D:5)
  A worm (D:2)
  3 dart slugs (D:1)
  12 orcs
  2 endoplasms
  6 giant cockroaches
  5 goblins
  A hobgoblin (D:4)
  5 jackals
  7 kobolds
  4 quokkas
  5 ball pythons
  10 bats
  A frilled lizard (D:2)
  A quokka skeleton (D:4)
  4 rats
354 creatures vanquished.

Vanquished Creatures (collateral kills)
  3 wolves
  A killer bee (D:9)
  37 foxfires
41 creatures vanquished.

Vanquished Creatures (others)
  A bloated husk (Swamp:1)
  A hornet (Swamp:1)
  896 foxfires
  46 fungi
  61 plants
1005 creatures vanquished.

Grand Total: 1400 creatures vanquished

Notes
Turn   | Place    | Note
-------+----------+-------------------------------------------
     0 | D:1      | a3don the Djinni Hedge Wizard began the quest for the Orb.
     0 | D:1      | Reached XP level 1. HP: 15/15 MP: 0/0
   456 | D:1      | Reached XP level 2. HP: 13/22 MP: 0/0
  1167 | D:1      | Reached skill level 1 in Fighting
  1167 | D:1      | Reached XP level 3. HP: 24/27 MP: 0/0
  1167 | D:1      | Learned a level 1 spell: Foxfire
  1786 | D:2      | Found a faded altar of an unknown god.
  2495 | D:2      | Reached XP level 4. HP: 28/32 MP: 0/0
  2656 | D:3      | Noticed Sigmund
  2670 | D:3      | Killed Sigmund
  2671 | D:3      | Reached skill level 3 in Dodging
  2671 | D:3      | Reached XP level 5. HP: 24/39 MP: 0/0
  2671 | D:3      | Learned a level 2 spell: Scorch
  2671 | D:3      | Reached XP level 6. HP: 27/45 MP: 0/0
  3556 | D:4      | Reached skill level 4 in Dodging
  3637 | D:4      | Noticed a necrophage
  3643 | D:4      | Killed a necrophage
  3644 | D:4      | Reached XP level 7. HP: 48/50 MP: 0/0
  3644 | D:4      | Learned a level 3 spell: Portal Projectile
  4578 | D:4      | Noticed Eustachio
  4597 | D:4      | Killed Eustachio
  4598 | D:4      | Reached skill level 5 in Dodging
  4922 | D:5      | Entered Level 5 of the Dungeon
  5097 | D:5      | Noticed a yak
  5107 | D:5      | Noticed a yak
  5120 | D:5      | Noticed a yak
  5121 | D:5      | Killed a yak
  5122 | D:5      | Reached XP level 8. HP: 39/58 MP: 0/0
  5122 | D:5      | Noticed a yak
  5130 | D:5      | Killed a yak
  5138 | D:5      | Killed a yak
  5139 | D:5      | Reached skill level 5 in Fighting
  5139 | D:5      | Reached skill level 6 in Dodging
  5146 | D:5      | Killed a yak
  5493 | D:5      | Noticed Menkaure
  5501 | D:5      | Killed Menkaure
  5537 | D:5      | Reached skill level 5 in Spellcasting
  5537 | D:5      | Reached XP level 9. HP: 59/65 MP: 0/0
  5537 | D:5      | Learned a level 3 spell: Ignite Poison
  5713 | D:5      | Reached skill level 7 in Dodging
  6791 | D:6      | Found a staircase to the Ecumenical Temple.
  7631 | D:7      | Found Vidued's Self-Improvement Boutique.
  7657 | D:7      | Reached skill level 8 in Dodging
  8299 | D:7      | Reached XP level 10. HP: 66/75 MP: 0/0
  8998 | D:8      | Identified the +3 falchion of Evisceration {vorpal, Str+5}
  9336 | D:8      | Found a faded altar of an unknown god.
  9341 | D:8      | Found a hazy altar of Hepliaklqana.
 10123 | D:9      | Reached skill level 9 in Dodging
 11673 | D:10     | Entered Level 10 of the Dungeon
 11686 | D:10     | Reached skill level 5 in Stealth
 11699 | D:10     | Reached XP level 11. HP: 79/82 MP: 0/0
 11699 | D:10     | Learned a level 5 spell: Manifold Assault
 11943 | D:10     | Reached skill level 10 in Dodging
 12185 | D:10     | Noticed Snorg
 12198 | D:10     | Killed Snorg
 12199 | D:10     | Reached skill level 1 in Shields
 12399 | D:10     | Found a staircase to the Lair.
 12401 | D:10     | Noticed a wizard
 12407 | D:10     | Killed a wizard
 12709 | D:10     | Noticed Erolcha
 12719 | D:10     | Killed Erolcha
 13537 | Lair:1   | Entered Level 1 of the Lair of Beasts
 13772 | Lair:1   | Reached XP level 12. HP: 90/90 MP: 0/0
 15026 | Lair:1   | Reached skill level 11 in Dodging
 15390 | Lair:2   | Reached skill level 10 in Fighting
 16389 | Lair:3   | Noticed a six-headed hydra
 16402 | Lair:3   | Killed a six-headed hydra
 16410 | Lair:3   | Reached skill level 5 in Shields
 16544 | Lair:3   | Noticed a boulder beetle
 16579 | Lair:3   | Killed a boulder beetle
 16705 | Lair:3   | Found a gate leading to a gauntlet.
 16726 | Lair:3   | Found a staircase to the Swamp.
 16787 | Lair:3   | Reached XP level 13. HP: 93/97 MP: 0/0
 16787 | Lair:3   | Learned a level 5 spell: Iskenderun's Battlesphere
 17510 | Lair:4   | Identified the +2 pair of gloves of Qazlal's Esteem {*Slow
                  | rF++}
 17526 | Lair:4   | Reached skill level 12 in Dodging
 17590 | Lair:4   | Noticed a six-headed hydra
 17602 | Lair:4   | Noticed a four-headed hydra
 17610 | Lair:4   | Killed a six-headed hydra
 17614 | Lair:4   | Killed a four-headed hydra
 17685 | Lair:4   | Found a staircase to the Snake Pit.
 17700 | Lair:4   | Noticed an eight-headed hydra
 17705 | Lair:4   | Killed an eight-headed hydra
 17864 | Lair:4   | Noticed a five-headed hydra
 17869 | Lair:4   | Killed a five-headed hydra
 18426 | Lair:5   | Noticed a five-headed hydra
 18435 | Lair:4   | Killed a five-headed hydra
 18726 | Lair:5   | Upgraded the game from 0.29-a0-8-g0446c0dae4 to
                  | 0.29-a0-9-g022ca4c890
 19058 | Lair:5   | Reached XP level 14. HP: 98/105 MP: 0/0
 20231 | Lair:6   | Entered Level 6 of the Lair of Beasts
 20293 | Lair:6   | Reached skill level 13 in Dodging
 20327 | Lair:6   | Found a staircase to the Slime Pits.
 20546 | Lair:6   | Found a dark tunnel.
 20597 | Volcano  | Entered a volcano
 21498 | Lair:6   | Reached skill level 10 in Spellcasting
 21555 | Lair:6   | Noticed a dire elephant
 21568 | Lair:6   | Reached skill level 10 in Stealth
 21580 | Lair:6   | Killed a dire elephant
 22341 | Swamp:1  | Entered Level 1 of the Swamp
 22355 | Swamp:1  | Reached XP level 15. HP: 74/113 MP: 0/0
 22355 | Swamp:1  | Learned a level 6 spell: Iron Shot
 22501 | Swamp:1  | Noticed a thorn hunter
 22506 | Swamp:1  | Constricted to death by a shambling mangrove

Illustrated notes

Levels and vault maps discovered:
D:1:      arrival_zaba_pyramid, layout_basic
D:2:      layout_basic, dreamdust_ecumenical_altar_statues
D:3:      layout_basic, uniq_sigmund
D:4:      layout_cave_pods, eino_small_chamber_without_monster, uniq_eustachio
D:5:      wad_lake_hut, layout_basic, uniq_menkaure
D:6:      minmay_angry_zag, layout_basic, minmay_temple_entry_butterflies,
          kennysheep_generic_room_6
D:7:      layout_loops_corners, nicolae_shop_self_help
D:8:      layout_basic, beargit_hepliaklqana_dungeon_heroes
D:9:      layout_basic
D:10:     cheibrodos_wizards_tower, layout_grid_maze,
          due_lair_maze_entry_diamond, uniq_erolcha, uniq_snorg
D:11:     layout_loops_ring, david_orc_3, serial_co_window_serial,
          co_window_paths_a, co_window_corner_a, co_window_paths_a,
          co_window_cross_1, co_window_paths_b, co_window_cross_1,
          co_window_of_opportunity_a, co_window_unsneaky_path_e,
          co_window_unsneaky_path_b, co_window_of_opportunity_b,
          co_window_broadway_b, co_window_paths_c, co_window_broadway_a,
          glass_columns_c, glass_columns_c, library_closet, uniq_fannar
Lair:1:   layout_gridlike, grunt_megastairs_2
Lair:2:   layout_layer_cave, chequers_serial_rivers_room_a, lemuel_fruit_fields
Lair:3:   layout_hall_layers, swamp_mist, gauntlet_entry_generic
Lair:4:   layout_long_grid, guppyfry_snake_entry_garden,
          chequers_serial_rivers_micro_a, grunt_megastairs_1
Lair:5:   layout_gridlike, minmay_lair_oklob_bushes
Lair:6:   grunt_lair_end_beastmaster, layout_hall_layers,
          dpeg_slime_entry_corner, lightli_volcano_entry_magma_tube
Swamp:1:  layout_basic_swamp, nicolae_swamp_tree_designs,
          infiniplex_staircase_pool

Skill      XL: |  1  2  3  4  5  6  7  8  9 10 11 12 13 14 |
---------------+-------------------------------------------+-----
Stealth        | 2 3 5 6 7 8 10 | 10.2
Fighting       | 1 2 3 4 5 7 8 9 10 11 12 | 12.6
Dodging        | 3 4 5 6 8 9 10 11 12 13 | 13.9
Spellcasting   | 3 4 5 6 7 8 9 10 | 10.2
Shields        | 2 5 7 |  7.4

Action                   |  1- 3 |  4- 6 |  7- 9 | 10-12 | 13-15 || total
-------------------------+-------+-------+-------+-------+-------++-------
Melee: Staff             |       |       |     2 |    11 |     4 ||    17
 Cast: Magic Dart        |    43 |     6 |    16 |    11 |   130 ||   206
       Foxfire           |    54 |    54 |   115 |   169 |   160 ||   552
       Mephitic Cloud    |       |     1 |    22 |    67 |    93 ||   183
       Call Imp          |       |     1 |     3 |     8 |    13 ||    25
       Scorch            |       |       |    39 |   120 |   105 ||   264
       Ignite Poison     |       |       |     8 |    47 |    46 ||   101
       Manifold Assault  |       |       |       |     3 |     2 ||     5
       Blink             |       |       |       |     2 |    31 ||    33
       Iskenderun's Batt |       |       |       |       |    64 ||    64
  Use: Scroll            |       |       |       |    18 |     4 ||    22
       Potion            |       |       |       |       |     1 ||     1
 Stab: Confused          |       |       |       |     1 |       ||     1
Armor: Robe              |     3 |       |     3 |    13 |       ||    19
       Troll leather arm |       |       |       |    13 |    44 ||    57
Dodge: Dodged            |     5 |     1 |    21 |    72 |    69 ||   168
Block: Buckler           |       |       |       |     1 |    43 ||    44

Table legend: (Time is in decaauts)
 A = Elapsed time spent in this place.
 B = Non-inter-level travel time spent in this place.
 C = Inter-level travel time spent in this place.
 D = Time resting spent in this place.
 E = Time spent auto-exploring this place.
 F = Levels seen in this place.
 G = Mean time per level.
                   A        B        C        D        E       F      G
               +--------+--------+--------+--------+--------+-----+--------+
         Total |  22517 |  21883 |    634 |   5679 |  12880 |  19 | 1185.1 |
       Dungeon |  13538 |  13192 |    346 |   2852 |   9053 |  11 | 1230.7 |
          Lair |   8247 |   7981 |    266 |   2543 |   3731 |   6 | 1374.5 |
         Swamp |    168 |    147 |     21 |     57 |     26 |   1 |  168.0 |
       Volcano |    563 |    563 |      0 |    227 |     70 |   1 |  563.0 |
               +--------+--------+--------+--------+--------+-----+--------+

Top non-repeatable levels by time:
     D:9: 1899 daAuts
    D:10: 1864 daAuts
  Lair:1: 1777 daAuts
  Lair:5: 1573 daAuts
     D:1: 1549 daAuts
     D:4: 1513 daAuts
  Lair:6: 1462 daAuts
     D:5: 1345 daAuts
  Lair:4: 1312 daAuts
     D:6: 1299 daAuts
     D:7: 1264 daAuts
  Lair:3: 1074 daAuts
  Lair:2: 1045 daAuts
     D:2: 1035 daAuts
     D:8: 939 daAuts
